 Adventure DCSS version bcrawl-1.27.3 (webtiles) character file.

Game seed: 1906649092645550314

67670 galech the Skirmisher (level 2, 25/25 HPs)
             Began as a Demonspawn Fighter on July 31, 2020.
             Quit the game on level 3 of the Dungeon.
             The game lasted 00:01:25 (2016 turns).

galech the Skirmisher (Demonspawn Fighter)          Turns: 2016, Time: 00:01:26

Health: 25/25      AC:  6    Str: 16    XL:     2   Next: 86%
Magic:  2/2        EV:  5    Int:  9    God:
Gold:   142        SH:  9    Dex: 13    Spells: 1/1 levels left
                                        Lives:  1   Deaths: 1

rFire    . . .     SeeInvis .   a - +0 war axe
rCold    . . .     Gourm    .   c - +0 medium shield
rNeg     . . .     Faith    .   b - +0 scale mail
rPois    .         Spirit   .   (no helmet)
rElec    .         Reflect  .   (no cloak)
rCorr    .         Harm     .   (no gloves)
MR       .....                  (no boots)
Stlth    ..........             (no amulet)
HPRegen  0.08/turn              (no ring)
MPRegen  0.08/turn              (no ring)

@: no status effects
A: sanguine armour 1
a: no special abilities


You were on level 3 of the Dungeon.
You were not hungry.

You visited 1 branch of the dungeon, and saw 3 of its levels.

You collected 142 gold pieces.

Inventory:

Hand Weapons
 a - a +0 war axe (weapon)
Armour
 b - a +0 scale mail (worn)
 c - a +0 medium shield (worn)
Scrolls
 f - 2 scrolls of immolation {unknown}
 g - 4 scrolls of identify
 j - a scroll of enchant armour {unknown}
 m - a scroll of blinking {unknown}
Potions
 d - 2 potions of might
 h - a potion of agility {unknown}
 i - a potion of curing {unknown}
 k - a potion of heal wounds {unknown}
Comestibles
 e - 5 rations {!d}


   Skills:
 + Level 3.7 Fighting
 + Level 2.3 Axes
 + Level 3.1 Armour
 + Level 0.3 Dodging
 + Level 3.1 Shields


You had one spell level left.
You didn't know any spells.
Your spell library was empty.

Dungeon Overview and Level Annotations

Branches:
Dungeon (3/12)

Altars:
Xom


Innate Abilities, Weirdness & Mutations

When seriously injured, your bleeding wounds create armour. (AC +0)


Message History

You are too injured to fight recklessly!
You are too injured to fight recklessly!
You are too injured to fight recklessly!
You feel very mighty all of a sudden. You block the kobold's attack.
The ogre hits you with a +0 giant club.
* * * LOW HITPOINT WARNING * * *
You hit the ogre.
The ogre is lightly wounded.
You closely miss the kobold. You slash the worm! You barely miss the rat.
You block the rat's attack.
The frilled lizard unfolds its giant frill.
You block the kobold's attack. You block the worm's attack.
The rat bites you but does no damage. The ogre hits you with a +0 giant club!
You die...
The frilled lizard bites you but does no damage.
Xom reaches out...
You are now level 2!
You rejoin the land of the living...
Found 2 black potions.
Found a stone staircase leading up.
Are you sure you want to abandon this character and quit the game? (Confirm with "yes".)

##.# ######l.##
#.## ###...##
#..# ###.....#
###.###...##..#
..#.##..#####....
# ..#....##
###### .!.
.....### #..#
..#.##
#########....#
..#.# .....<.@..#
..### .##########
.## ##


There were no monsters in sight!

Vanquished Creatures
  A gnoll (D:1)
  An ooze (D:2)
  A worm (D:2)
  A dart slug (D:1)
  4 leopard geckos
  An orc (D:2)
  A ball python (D:2)
  4 giant cockroaches
  3 goblins
  5 hobgoblins
  2 jackals (D:2)
  3 bats (D:2)
  3 frilled lizards
  5 kobolds
  2 rats (D:1)
37 creatures vanquished.

Notes
Turn   | Place    | Note
-------+----------+-------------------------------------------
     0 | D:1      | galech the Demonspawn Fighter began the quest for the Orb.
     0 | D:1      | Reached XP level 1. HP: 18/18 MP: 1/1
   390 | D:1      | Gained mutation: When seriously injured, your bleeding
                  | wounds create armour. (AC +0) [demonic ancestry]
   390 | D:1      | Reached XP level 2. HP: 12/24 MP: 2/2
  1125 | D:2      | Reached XP level 3. HP: 24/29 MP: 3/3
  1552 | D:2      | Found a shimmering altar of Xom.
  2009 | D:3      | Noticed an ogre
  2015 | D:3      | Slain by an ogre
  2016 | D:3      | Reached XP level 2. HP: -1/25 MP: 2/2
  2016 | D:3      | Quit the game

Skill      XL: |  1  2  3 |
---------------+----------+-----
Axes           | 2 |  2.3
Armour         | 3 |  3.1
Shields        | 3 |  3.1
Fighting       | |  3.7
Dodging        | |  0.3

Action                   || total
-------------------------++-------
Melee: War axe           ||   136
  Use: Potion            ||     1
  Eat: Chunk             ||     9
Armor: Scale mail        ||    79
Dodge: Dodged            ||    28
Block: Medium shield     ||    74
